AoeStats
← kokliii

Black Forest

504372034Analyzed
3v3 RM · 28d ago on Sep 5, 2026· 65m 24s· 6 players
Game mode
Random Map
Map size
Normal (6 player)
Population
200
Speed
Normal
Resources
Standard
Victory
Conquest
Starting age
Dark Age
Ending age
Imperial Age
RankedLock teamsTeams togetherTeam positionsShared explorationLock speedFull tech treeHidden civsTurbo modeCheats
Victory
Defeat
🇱🇧 Bulgarians · Lebanon
786
+10
🇹🇷 Persians · Türkiye
786
+10
🇳🇮 Saracens · Nicaragua
673
+15
🇮🇳 Celts · India
697
-13
🇷🇴 Italians · Romania
634
-11
🇲🇽 Chinese · Mexico
628
-11
RAPTOR
12:32 Feudal Age
15:58 Double-Bit Axe
20:56 Castle Age
22:46 Bow Saw
25:08 Horse Collar
26:19 Forging
29:46 Heavy Plow
35:22 Imperial Age
34:23 Wheelbarrow
34:38 Husbandry
35:14 Ballistics
35:45 Cavalier
38:07 Iron Casting
38:47 Chemistry
40:22 Pikeman
41:02 Squires
41:29 Hand Cart
43:29 Elite Skirmisher
44:17 Scale Barding Armor
44:12 Scale Mail Armor
45:13 Blast Furnace
46:00 Bombard Tower
50:58 Light Cavalry
51:48 Bloodlines
beps461gnr
0:38 Loom
10:58 Feudal Age
12:14 Wheelbarrow
11:22 Horse Collar
11:34 Double-Bit Axe
12:13 Gold Mining
21:49 Castle Age
21:59 Castle Age
22:59 Hand Cart
22:47 Heavy Plow
23:04 Bow Saw
26:55 Gold Shaft Mining
26:12 Stone Mining
29:07 Stone Shaft Mining
31:03 Caravan
32:59 Fletching
36:31 Imperial Age
38:37 Two-Man Saw
38:23 Forging
38:15 Padded Archer Armor
38:11 Bodkin Arrow
38:17 Scale Mail Armor
38:23 Scale Barding Armor
37:43 Heavy Rocket Cart
40:57 Iron Casting
40:23 Bracer
40:39 Leather Archer Armor
39:47 Pikeman
40:32 Squires
40:18 Arson
45:32 Blast Furnace
44:48 Chain Mail Armor
44:55 Chain Barding Armor
44:00 Halberdier
51:10 Plate Barding Armor
51:06 Plate Mail Armor
51:07 Ring Archer Armor
52:21 Conscription
56:05 Elite Chu Ko Nu
60:44 Light Cavalry
61:25 Husbandry
61:36 Bloodlines
neville_longbottom
0:58 Loom
17:02 Feudal Age
17:56 Double-Bit Axe
20:26 Horse Collar
21:11 Gold Mining
21:13 Stone Mining
25:58 Castle Age
27:40 Heavy Plow
35:01 Fortified Wall
35:12 Ballistics
34:43 Heated Shot
38:38 Imperial Age
36:40 Bow Saw
37:24 Gold Shaft Mining
39:31 Wheelbarrow
38:42 Town Watch
38:59 Arson
38:35 Pikeman
39:00 Gambesons
40:22 Chemistry
39:18 Stronghold
41:03 Guilds
41:24 Coinage
43:08 Furor Celtica
44:22 Murder Holes
44:08 Treadmill Crane
44:39 Masonry
44:34 Siege Engineers
44:38 Scale Barding Armor
44:33 Scale Mail Armor
44:44 Forging
44:33 Heavy Scorpion
45:22 Cavalier
46:03 Husbandry
46:26 Conscription
45:49 Onager
48:01 Paladin
50:51 Siege Onager
ali_mansour10
0:32 Loom
19:43 Feudal Age
21:01 Wheelbarrow
20:12 Town Watch
20:11 Horse Collar
20:18 Double-Bit Axe
23:55 Stone Mining
24:01 Gold Mining
24:17 Scale Mail Armor
26:24 Castle Age
25:56 Scale Barding Armor
26:01 Forging
27:28 Heavy Plow
27:46 Hand Cart
27:32 Town Patrol
28:36 Stone Shaft Mining
28:25 Bow Saw
30:00 Gambesons
30:15 Squires
30:38 Chain Mail Armor
33:03 Stirrups
33:31 Chain Barding Armor
35:47 Husbandry
35:57 Bloodlines
35:07 Light Cavalry
36:25 Iron Casting
35:51 Padded Archer Armor
35:42 Fletching
39:15 Imperial Age
37:44 Pikeman
40:27 Caravan
41:44 Plate Barding Armor
41:33 Conscription
40:39 Hussar
42:11 Crop Rotation
42:08 Ballistics
41:44 Murder Holes
42:00 Masonry
42:55 Gold Shaft Mining
43:58 Plate Mail Armor
43:01 Halberdier
46:11 Blast Furnace
45:23 Onager
48:27 Siege Onager
50:20 Elite Konnik
51:24 Capped Ram
54:23 Siege Ram
63:16 Chemistry
62:47 Architecture
62:22 Siege Engineers
kokliii
1:33 Loom
11:39 Feudal Age
12:38 Double-Bit Axe
12:37 Horse Collar
14:21 Wheelbarrow
22:36 Castle Age
20:45 Scale Barding Armor
20:52 Forging
20:32 Fletching
20:43 Padded Archer Armor
21:01 Gold Mining
21:54 Bloodlines
21:41 Stone Mining
24:29 Bow Saw
24:25 Heavy Plow
24:54 Chain Barding Armor
25:10 Iron Casting
24:51 Leather Archer Armor
24:31 Bodkin Arrow
24:40 Husbandry
25:17 Caravan
27:10 Hand Cart
33:58 Imperial Age
34:22 Ballistics
33:57 Murder Holes
34:06 Town Watch
34:55 Crop Rotation
35:31 Two-Man Saw
34:45 Kamandaran
35:05 Conscription
35:21 Hoardings
36:54 Thumb Ring
36:09 Crossbowman
37:51 Chemistry
37:31 Plate Barding Armor
37:32 Ring Archer Armor
37:42 Plate Barding Armor
38:58 Blast Furnace
37:52 Cavalier
40:10 Elite War Elephant
41:07 Masonry
40:24 Savar
42:49 Citadels
46:23 Heavy Camel Rider
61:39 Sappers
chingon
0:37 Loom
13:40 Feudal Age
14:35 Horse Collar
14:45 Double-Bit Axe
22:26 Castle Age
20:19 Stone Mining
23:19 Heavy Plow
23:52 Bow Saw
25:35 Caravan
28:20 Wheelbarrow
28:14 Fortified Wall
28:08 Town Watch
28:49 Forging
28:30 Fletching
28:41 Padded Archer Armor
29:07 Scale Barding Armor
35:53 Imperial Age
33:39 Hand Cart
33:25 Town Patrol
36:24 Chain Barding Armor
36:39 Iron Casting
36:00 Bodkin Arrow
36:21 Leather Archer Armor
36:32 Ballistics
36:22 Heavy Camel Rider
37:03 Husbandry
37:14 Bloodlines
39:53 Two-Man Saw
39:08 Elite Skirmisher
39:54 Thumb Ring
39:19 Pikeman
40:00 Squires
39:46 Gambesons
39:47 Arson
41:33 Chemistry
41:13 Plate Barding Armor
41:39 Blast Furnace
40:40 Bracer
41:11 Ring Archer Armor
41:47 Siege Engineers
42:00 Arrowslits
42:56 Hoardings
42:42 Onager
44:29 Scale Mail Armor
Connection lost

Rejoining the realm…

Still unreachable

The connection could not be restored.

Session expired

The server has moved on; the page needs a fresh start.